 Dungeon Crawl Stone Soup version 0.28.0 (webtiles) character file.

Game seed: 6664890252139135768

700 crazypyro the Conjurer (level 7, -2/38 HPs)
             Began as a Tengu Earth Elementalist on Feb 9, 2022.
             Slain by a gnoll (4 damage)
             ... on level 4 of the Dungeon.
             The game lasted 00:11:39 (5460 turns).

crazypyro the Conjurer (Tengu Earth Elementalist)   Turns: 5460, Time: 00:11:40

Health: -2/38      AC:  2    Str:  8    XL:     7   Next: 65%
Magic:  1/13       EV: 15    Int: 23    God:
Gold:   159        SH:  0    Dex: 15    Spells: 9/13 levels left

rFire   . . .      SeeInvis .     - Unarmed
rCold   . . .      Faith    .   (no shield)
rNeg    . . .      Spirit   .   b - +0 robe
rPois   .          Reflect  .   (helmet restricted)
rElec   .          Harm     .   (no cloak)
rCorr   .          Rampage  .   (no gloves)
Will    +....                   (boots unavailable)
Stlth   ++........              (no amulet)
HPRegen 0.12/turn               r - +6 ring of intelligence
MPRegen 0.13/turn               m - ring of willpower

@: flying quickly and evasively, quick
A: beak, talons 3, nimble flight
a: no special abilities


You were on level 4 of the Dungeon.
You visited 1 branch of the dungeon, and saw 4 of its levels.

You collected 159 gold pieces.

Inventory:

Missiles
 c - 23 stones
Armour
 b - a +0 robe (worn)
 o - a +2 pair of gloves
Jewellery
 m - a ring of willpower (right hand)
 r - a +6 ring of intelligence (left hand)
Wands
 k - a wand of paralysis (7)
 n - a wand of polymorph (7)
 p - a wand of iceblast (11)
Scrolls
 d - 2 scrolls of enchant armour {unknown}
 e - 2 scrolls of blinking {unknown}
 f - 2 scrolls of amnesia {unknown}
 g - a scroll of enchant weapon {unknown}
 h - a scroll of teleportation {unknown}
 i - a scroll of identify {unknown}
 l - a scroll of fog {unknown}
Potions
 a - a potion of curing
 j - a potion of flight {unknown}
 q - a potion of invisibility {unknown}
 s - a potion of cancellation {unknown}


   Skills:
 + Level 1.5 Fighting
 - Level 2.2 Dodging
 - Level 2.0 Stealth
 + Level 2.3 Unarmed Combat
 + Level 3.5 Spellcasting
 * Level 6.3 Conjurations
 - Level 1.4 Transmutations
 + Level 3.8 Earth Magic


You had 9 spell levels left.
You knew the following spells:

 Your Spells              Type           Power      Damage    Failure   Level
a - Sandblast             Erth           42%        2d11      2%          1
b - Stone Arrow           Conj/Erth      54%        3d10      4%          3

Your spell library contained the following spells:

 Spells                   Type           Power      Damage    Failure   Level
 Passwall                 Tmut/Erth      13%        N/A       5%          2
 Petrify                  Tmut/Erth      16%        N/A       36%         4


Dungeon Overview and Level Annotations

Branches:
Dungeon (4/15)
 Temple: D:4-7

Altars:
The Shining One


Innate Abilities, Weirdness & Mutations

You have a beak for a mouth.
You have claws for feet.
Your magical nature lets you fly swiftly and evasively.


Message History

Casting: Stone Arrow (dangerous; 4% risk of failure)
Confirm with . or Enter, or press ? or * to list all spells.
Aiming: Stone Arrow (dangerous; 4% risk of failure)
Press: ? - help, Shift-Dir - straight line, f - gnoll
Aim: a gnoll, wielding a +0 spear (75% to hit)
The stone arrow hits the gnoll.
The gnoll is moderately wounded.
The gnoll hits you from afar with a +0 spear!
The blast of sand misses the gnoll.
You see here 14 bolts.
The blast of sand hits the gnoll!
You kill the gnoll!
The blast of sand hits the gnoll!
You kill the gnoll!
The gnoll hits you with a +0 flail. The gnoll hits you with a +0 club!
You hit the gnoll but do no damage. You claw the gnoll.
Your punch misses the gnoll.
The gnoll is severely wounded.
The gnoll hits you with a +0 flail!
* * * LOW HITPOINT WARNING * * *
The gnoll hits you with a +0 club.
* * * LOW HITPOINT WARNING * * *
It was a potion of curing.
You feel better. The gnoll barely misses you. The gnoll misses you.
You're already flying!
You hit the gnoll.
The gnoll is almost dead.
The gnoll barely misses you. The gnoll misses you.
You closely miss the gnoll. You claw the gnoll.
You kill the gnoll!
You hit the gnoll. You claw the gnoll, but do no damage.
You peck the gnoll, but do no damage.
The gnoll is lightly wounded.
The gnoll hits you with a +0 club!
* * * LOW HITPOINT WARNING * * *
You closely miss the gnoll. Your peck misses the gnoll.
The gnoll is lightly wounded.
The gnoll hits you with a +0 club.
You die...

#.# #.#.)...#
#.# #.#
#...#.(.# #.#
#.#######.##)##
#.#
#.........##.#
#.#
#####.######.###
#.# #.# #.....#
#.## #.# #..)..#
#..# #.# #.g...#
##.# ####.#
#@)...# #.#
####....#
#.....# #.#
#.....>.#
####### ###.#
#.##.##.# #...#
#.##.##.######
#.###
#.##.........#
#.#
#.#####.####.#
#.# #.......#
#.# #.#
#########
#.##########.#


You could see a gnoll.

Vanquished Creatures
  Menkaure (D:4)
  2 black bears
  A bullfrog (D:3)
  A howler monkey (D:3)
  A gnoll shaman (D:3)
  Jessica (D:3)
  2 iguanas (D:4)
  Robin (D:4)
  6 gnolls
  2 adders
  An ufetubus (D:4)
  2 worms
  6 dart slugs
  An orc (D:3)
  8 endoplasms
  3 giant cockroaches
  13 goblins
  4 hobgoblins
  2 jackals
  3 quokkas
  5 ball pythons
  9 bats
  A frilled lizard (D:3)
  A jackal skeleton (D:4)
  7 kobolds
  8 rats
92 creatures vanquished.

Notes
Turn   | Place    | Note
-------+----------+-------------------------------------------
     0 | D:1      | crazypyro the Tengu Earth Elementalist began the quest for
                  | the Orb.
     0 | D:1      | Reached XP level 1. HP: 10/10 MP: 4/4
   221 | D:1      | Found a faded altar of an unknown god.
   377 | D:1      | Reached skill level 1 in Transmutations
   666 | D:1      | Reached XP level 2. HP: 15/15 MP: 4/6
  1179 | D:2      | Reached skill level 1 in Unarmed Combat
  1206 | D:2      | Reached XP level 3. HP: 18/19 MP: 2/7
  1345 | D:2      | Learned a level 3 spell: Stone Arrow
  2016 | D:2      | Reached skill level 1 in Conjurations
  2194 | D:3      | Noticed Jessica
  2199 | D:3      | Killed Jessica
  2200 | D:3      | Reached skill level 2 in Conjurations
  2200 | D:3      | Reached XP level 4. HP: 17/24 MP: 3/8
  3005 | D:3      | Noticed a bullfrog
  3013 | D:3      | Killed a bullfrog
  3014 | D:3      | Reached skill level 3 in Conjurations
  3014 | D:3      | Gained mutation: Your magical nature lets you fly swiftly
                  | and evasively. [Tengu growth]
  3014 | D:3      | Reached XP level 5. HP: 15/28 MP: 1/9
  3160 | D:3      | Noticed a black bear
  3171 | D:3      | Killed a black bear
  3172 | D:3      | Reached skill level 4 in Conjurations
  3172 | D:3      | Reached XP level 6. HP: 15/32 MP: 2/11
  3703 | D:3      | Found a faded altar of an unknown god.
  3707 | D:3      | Found a glowing golden altar of the Shining One.
  3907 | D:3      | Reached skill level 5 in Conjurations
  4417 | D:4      | Noticed Robin
  4422 | D:4      | Killed Robin
  4822 | D:4      | Noticed a black bear
  4824 | D:4      | Killed a black bear
  4825 | D:4      | Reached skill level 1 in Fighting
  4825 | D:4      | Reached XP level 7. HP: 38/38 MP: 5/12
  5077 | D:4      | Noticed Menkaure
  5083 | D:4      | Killed Menkaure
  5084 | D:4      | Reached skill level 6 in Conjurations
  5460 | D:4      | Slain by a gnoll

Illustrated notes

Levels and vault maps discovered:
D:1:      minmay_arrival_five_plusses, layout_basic,
          nicolae_ecumenical_lake_church
D:2:      minmay_wonky_spiral, layout_basic
D:3:      layout_loops_cross, nicolae_overflow_ecumenical_swirl,
          grunt_ministairs_10, minivault_25, chequers_arboretum,
          minmay_stone_trees_small, chequers_jeans, minmay_close_crescents,
          uniq_jessica
D:4:      layout_loops_cross, uniq_menkaure, uniq_robin

Skill      XL: |  1  2  3  4  5  6  7 |
---------------+----------------------+-----
Transmutations | 1 |  1.4
Unarmed Combat | 1 2 |  2.3
Conjurations   | 2 3 4 5 6 |  6.3
Earth Magic    | 3 |  3.8
Spellcasting   | 3 |  3.5
Fighting       | 1 |  1.5
Dodging        | |  2.2
Stealth        | |  2.0

Action                   |  1- 3 |  4- 6 |  7- 9 || total
-------------------------+-------+-------+-------++-------
Melee: Unarmed           |    12 |    23 |     6 ||    41
       Kick              |     2 |     8 |     3 ||    13
       Peck              |     2 |     2 |     2 ||     6
 Cast: Sandblast         |    54 |    75 |     7 ||   136
       Stone Arrow       |       |    20 |     8 ||    28
  Use: Potion            |       |       |     1 ||     1
Armor: Robe              |    11 |    11 |     2 ||    24
Dodge: Dodged            |    28 |    66 |    16 ||   110
